 Dungeon Crawl Stone Soup version 0.28.0-45-g0d030f2227 (console) character file.

Game seed: 2765852165795693049

53 Zeor the Insei (level 3, -3/26 HPs)
             Began as a Merfolk Transmuter on Apr 3, 2022.
             Slain by a gnoll
             ... wielding a +0 spear
              (8 damage)
             ... on level 2 of the Dungeon.
             The game lasted 00:05:14 (1833 turns).

Zeor the Insei (Merfolk Transmuter)                 Turns: 1833, Time: 00:05:15

Health: -3/26      AC:  3    Str: 10    XL:     3   Next: 87%
Magic:  4/7        EV: 13    Int: 14    God:
Gold:   89         SH:  0    Dex: 14    Spells: 1/7 levels left

rFire   . . .      SeeInvis .     - Unarmed
rCold   . . .      Faith    .   (no shield)
rNeg    . . .      Spirit   .   a - +1 robe
rPois   .          Reflect  .   (no helmet)
rElec   .          Harm     .   (no cloak)
rCorr   +          Rampage  .   (no gloves)
Will    .....                   (no boots)
Stlth   +.........              (no amulet)
HPRegen 0.08/turn               h - ring of resist corrosion
MPRegen 0.10/turn               (no ring)

@: no status effects
A: (nimble swimmer 2), mertail
a: no special abilities


You were on level 2 of the Dungeon.
You visited 1 branch of the dungeon, and saw 2 of its levels.

You collected 89 gold pieces.

Inventory:

Missiles
 g - 17 arrows
Armour
 a - a +1 robe (worn)
Magical Staves
 c - a staff of poison
Jewellery
 h - a ring of resist corrosion (left hand)
Wands
 d - a wand of digging (7)
Scrolls
 e - a scroll of identify
Potions
 b - a potion of brilliance


   Skills:
 + Level 1.1 Fighting
 + Level 3.1 Dodging
 + Level 0.1 Stealth
 + Level 4.0 Unarmed Combat
 * Level 2.7 Spellcasting
 + Level 3.2 Transmutations


You had one spell level left.
You knew the following spells:

 Your Spells              Type           Power      Damage    Failure   Level
a - Beastly Appendage     Tmut           20%        N/A       6%          1
b - Wereblood             Tmut           10%        N/A       9%          2
c - Spider Form           Tmut/Pois      6%         N/A       34%         3

Your spell library contained the following spells:

 Spells                   Type           Power      Damage    Failure   Level
 Ice Form                 Ice/Tmut       6%         N/A       75%         4
 Summon Ice Beast         Ice/Summ       1%         N/A       91%         4
 Summon Mana Viper        Hex/Summ       1%         N/A       99%         5
 Monstrous Menagerie      Summ           0%         N/A       100%        7


Dungeon Overview and Level Annotations

Branches:
Dungeon (2/15)

Altars:
Cheibriados

Shops:
D:1 *

Annotations:
D:2 1 runed translucent door, Crazy Yiuf


Innate Abilities, Weirdness & Mutations

((You are very nimble when in or above water. (Stealth+, EV+, Speed+++)))
Your lower body shifts to a powerful aquatic tail in water.


Message History

You barely miss the jackal. The jackal barely misses you.
The gnoll completely misses you.
You barely miss the jackal. The jackal closely misses you.
The gnoll hits you from afar with a +0 spear.
The jackal completely misses you.
You hit the jackal.
The jackal is moderately wounded.
The gnoll barely misses you.
The jackal bites you but does no damage.
You hit the jackal.
You kill the jackal!
The gnoll hits you from afar with a +0 spear!
You are too injured to fight recklessly!
Casting: Beastly Appendage (safe; 6% risk of failure)
Confirm with . or Enter, or press ? or * to list all spells.
The spell is extremely dangerous to miscast (34% risk of failure)!
Continue anyway?
You miscast Spider Form.
Nothing appears to happen.
The jackal barely misses you.
The gnoll hits you from afar with a +0 spear.
You hit the jackal. You punch the jackal.
You kill the jackal!
The gnoll barely misses you. The gnoll barely misses you.
There is an open door here.
You see here a jackal corpse.
You closely miss the gnoll. The gnoll hits you but does no damage.
You hit the gnoll.
The gnoll is moderately wounded.
The gnoll hits you with a +0 spear.
* * * LOW HITPOINT WARNING * * *
You hit the gnoll.
The gnoll is moderately wounded.
The gnoll hits you but does no damage.
It was a potion of cancellation.
You feel magically purged.
Your magical contamination has completely faded away.
The gnoll completely misses you.
You hit the gnoll.
The gnoll is almost dead.
The gnoll hits you with a +0 spear!
You die...

♣♣▒)▒▒▒▒▒▒∙P♣♣♣♣♣♣♣♣∙∙∙∙∙∙▒▒∙▒
♣∙∙∙∙∙∙∙▒∙∙P♣♣♣P♣PP∙▒∙∙∙∙▒▒∙∙
♣▒∙▒▒▒▒∙▒▒∙∙P∙∙∙∙P▒▒▒∙∙∙∙▒▒∙∙
♣∙∙∙∙∙∙∙∙∙∙∙∙∙∙P▒∙∙∙∙∙∙∙∙▒▒▒∙
♣▒∙∙∙∙∙∙∙∙∙∙∙∙▒▒▒▒▒▒▒∙∙∙∙▒ ▒∙
▒∙∙∙∙∙∙∙^∙∙∙▒▒▒▒ ▒∙∙∙∙▒ ▒▒
<∙∙∙∙∙∙∙∙∙∙∙∙∙∙∙▒ ▒∙∙[∙▒ ▒
▒▒▒∙∙∙∙∙∙∙∙P∙P∙∙▒▒▒▒▒▒▒▒▒▒ ▒
■∙∙∙∙∙∙▒▒▒m▒▒▒∙∙∙∙∙∙∙∙▒ ▒▒
▒∙∙∙∙∙∙▒ ■∙g∙▒▒▒▒▒▒▒▒∙▒ ▒∙
▒▒∙▒▒▒∙▒ ▒∙∙∙▒▒∙∙∙∙∙▒∙▒ ▒∙
■∙∙∙▒∙∙∙▒▒∙▒∙▒▒▒▒∙
▒▒▒▒▒▒▒▒∙∙∙▒▒∙▒∙∙∙∙∙∙
▒∙∙∙∙∙∙∙∙∙∙▒▒∙▒▒▒▒▒∙∙
▒∙∙∙∙∙∙∙∙∙∙▒▒∙∙∙∙∙∙∙∙
▒∙∙∙∙∙∙∙∙∙∙▒▒▒▒▒▒∙▒∙∙
▒∙∙∙∙∙∙∙∙∙∙∙∙∙∙∙∙)∙∙∙


You could see a gnoll.

Vanquished Creatures
  An adder (D:2)
  2 worms (D:2)
  A ball python (D:1)
  7 bats
  5 endoplasms
  4 giant cockroaches
  A goblin (D:1)
  2 hobgoblins
  2 jackals (D:2)
  5 kobolds
  A quokka (D:1)
  2 frilled lizards (D:1)
  A rat (D:2)
34 creatures vanquished.

Notes
Turn   | Place    | Note
-------+----------+-------------------------------------------
     0 | D:1      | Zeor the Merfolk Transmuter began the quest for the Orb.
     0 | D:1      | Reached XP level 1. HP: 15/15 MP: 3/3
   101 | D:1      | Reached XP level 2. HP: 21/21 MP: 3/5
   471 | D:1      | Found Xacketett's Assorted Antiques.
   572 | D:1      | Found a faded altar of an unknown god.
   794 | D:1      | Reached XP level 3. HP: 22/26 MP: 6/6
  1227 | D:2      | Learned a level 2 spell: Wereblood
  1231 | D:2      | Learned a level 3 spell: Spider Form
  1321 | D:2      | Reached skill level 4 in Unarmed Combat
  1416 | D:2      | Found a snail-covered altar of Cheibriados.
  1663 | D:2      | Found a runed translucent door.
  1664 | D:2      | Noticed Crazy Yiuf
  1833 | D:2      | Slain by a gnoll

Illustrated notes

Levels and vault maps discovered:
D:1:      onia_arrival_pentagram, layout_basic,
          shapermc_ecumenical_altar_mp_ritualfount, serial_shops, shop
D:2:      layout_basic, serial_forest, infiniplex_forest_straight_4,
          infiniplex_forest_clump_medium, infiniplex_forest_clump_tiny,
          infiniplex_forest_diagonal, infiniplex_forest_corner_1,
          infiniplex_forest_clump_long, basic_altar, chequers_arboretum,
          st_stairs_10, cheibrodos_gnoll_hut, uniq_crazy_yiuf_cottage

Skill      XL: |  1  2  3 |
---------------+----------+-----
Dodging        | 3 |  3.1
Transmutations | 3 |  3.2
Unarmed Combat | 4 |  4.0
Fighting       | |  1.1
Stealth        | |  0.1
Spellcasting   | |  2.7

Action                   || total
-------------------------++-------
Melee: Unarmed           ||    90
       Headbutt          ||    11
       Punch             ||     2
 Cast: Beastly Appendage ||    15
  Use: Scroll            ||     3
       Potion            ||     1
 Stab: Sleeping          ||     2
Armor: Robe              ||    26
Dodge: Dodged            ||    58
